Map: Romanticide LE

Players

MaNa

  • Race: Protoss Protoss

PtitDrogo - Winner!

  • Race: Protoss Protoss

Event: DreamHack SC2 Masters 2021 Fall

VOD

Have the link to the VOD?

Description

Time

  • Played on: Aug. 11, 2021, 12:29 p.m.
  • Length: 7:49

All games in this series

Show
View Real Time Build Order
Export as new Build Order

MaNa Protoss 

Build Orders: Oracle Opening, Phoenix Opening, Zealot Archon 

Get SALT Encoding   

  12  0:00  Probe  
  13  0:12  Probe  
  14  0:17  Pylon  
  14  0:24  Probe (Chrono Boost)  
  15  0:36  Gateway, Probe (Chrono Boost)  
  16  0:45  Probe (Chrono Boost)  
  16  0:46  Assimilator  
  17  0:51  Probe  
  17  0:54  Assimilator  
  18  1:03  Probe (Chrono Boost)  
  19  1:07  Gateway  
  19  1:12  Probe (Chrono Boost)  
  19  1:17  Probe (Chrono Boost)  
  20  1:24  Cybernetics Core  
  21  1:29  Probe  
  22  1:39  Pylon  
  22  1:41  Probe  
  23  1:57  Probe  
  23  2:00  Stalker  
  23  2:01  Sentry, Warp Gate  
  28  2:11  Pylon, Probe  
  29  2:20  Shield Battery  
  29  2:25  Probe  
  30  2:30  Stalker  
  30  2:36  Phoenix  
  34  2:39  Probe  
  34  2:43  Stargate  
  33  3:00  Nexus  
  33  3:03  Probe (Chrono Boost)  
  34  3:13  Pylon  
  34  3:15  Probe (Chrono Boost)  
  35  3:21  Probe (Chrono Boost)  
  35  3:26  Oracle  
  39  3:31  Probe (Chrono Boost)  
  41  3:41  Probe (Chrono Boost)  
  41  3:49  Forge, Probe  
  41  3:50  Shield Battery  
  42  4:01  Probe  
  43  4:03  Oracle  
  46  4:12  Probe (Chrono Boost)  
  46  4:13  Probe (Chrono Boost)  
  48  4:19  Protoss Ground Weapons Level 1 (Chrono Boost)  
  50  4:24  Probe x2 (Chrono Boost)  
  50  4:26  Robotics Facility  
  50  4:29  Probe x2 (Chrono Boost)  
  52  4:39  Probe x2  
  52  4:42  Pylon  
  54  4:51  Probe x2  
  56  4:54  Pylon  
  56  4:56  Nexus  
  56  5:03  Probe x2  
  56  5:04  Assimilator  
  56  5:06  Assimilator  
  58  5:15  Probe  
  58  5:17  Observer (Chrono Boost)  
  58  5:18  Probe  
  61  5:27  Gateway, Probe  
  61  5:28  Gateway  
  62  5:30  Probe  
  62  5:31  Immortal (Chrono Boost)  
  67  5:37  Twilight Council  
  67  5:40  Probe  
  67  5:42  Probe  
  69  5:43  Pylon  
  69  5:52  Probe  
  69  5:54  Probe  
  71  6:04  Probe  
  72  6:06  Probe  
  72  6:08  Immortal (Chrono Boost)  
  72  6:10  Probe  
  78  6:16  Probe  
  78  6:17  Templar Archives  
  79  6:18  Probe  
  79  6:20  Assimilator  
  79  6:21  Assimilator  
  79  6:22  Probe  
  83  6:33  Gateway  
  83  6:35  Gateway  
  85  6:40  Immortal  
  85  6:41  Shield Battery  
  85  6:43  Shield Battery  
  85  6:44  Zealot x2  
  89  6:47  Zealot  
  89  6:51  Zealot  
  93  6:57  Gateway  
  93  6:58  Gateway  
  93  7:03  Pylon  
  93  7:07  High Templar x2  
  97  7:10  Zealot  
  97  7:11  Archon  
  91  7:19  Zealot  
  88  7:28  Zealot  
  79  7:36  Zealot x2  
Show
View Real Time Build Order
Export as new Build Order

PtitDrogo Protoss - Winner!

Build Orders: Phoenix Opening, Zealot Archon 

Get SALT Encoding   

  12  0:00  Probe  
  13  0:12  Probe  
  14  0:17  Pylon  
  14  0:24  Probe (Chrono Boost)  
  15  0:37  Gateway, Probe (Chrono Boost)  
  16  0:45  Probe (Chrono Boost)  
  16  0:47  Assimilator  
  17  0:51  Probe  
  17  0:55  Assimilator  
  18  1:03  Probe (Chrono Boost)  
  19  1:11  Gateway  
  19  1:12  Probe (Chrono Boost)  
  19  1:17  Probe (Chrono Boost)  
  20  1:24  Cybernetics Core  
  21  1:29  Probe  
  22  1:34  Pylon  
  22  1:42  Probe  
  23  1:54  Probe  
  24  2:00  Sentry, Stalker  
  28  2:04  Pylon  
  28  2:05  Warp Gate  
  28  2:26  Stalker  
  29  2:37  Nexus, Phoenix  
  29  2:41  Probe (Chrono Boost)  
  30  2:47  Shield Battery  
  31  2:51  Probe (Chrono Boost)  
  31  2:53  Sentry  
  31  2:58  Probe  
  34  3:08  Pylon  
  34  3:09  Sentry  
  34  3:10  Probe (Chrono Boost)  
  38  3:21  Probe (Chrono Boost)  
  38  3:25  Twilight Council  
  38  3:26  Probe (Chrono Boost)  
  39  3:35  Shield Battery  
  39  3:36  Probe  
  41  3:50  Probe (Chrono Boost)  
  41  3:52  Stalker  
  41  3:53  Probe (Chrono Boost)  
  41  3:54  Stalker  
  46  4:00  Probe (Chrono Boost)  
  48  4:03  Probe (Chrono Boost)  
  48  4:05  Probe (Chrono Boost)  
  49  4:10  Forge  
  49  4:12  Probe  
  49  4:17  Stalker, Probe (Chrono Boost)  
  53  4:25  Charge  
  53  4:29  Probe (Chrono Boost)  
  53  4:30  Probe (Chrono Boost)  
  55  4:36  Probe (Chrono Boost)  
  57  4:38  Probe (Chrono Boost)  
  57  4:39  Protoss Ground Weapons Level 1 (Chrono Boost)  
  57  4:40  Stalker  
  57  4:43  Probe  
  60  4:49  Pylon  
  60  4:50  Assimilator  
  60  4:53  Robotics Facility, Probe  
  60  4:55  Probe  
  62  5:00  Pylon  
  62  5:11  Probe  
  63  5:17  Nexus  
  63  5:22  Gateway  
  63  5:23  Gateway  
  63  5:24  Gateway  
  63  5:28  Gateway, Phoenix  
  63  5:33  Templar Archives  
  63  5:38  Gateway  
  63  5:41  Warp Prism (Chrono Boost)  
  63  5:49  Gateway  
  65  5:57  Gateway  
  64  6:02  Probe  
  64  6:03  Gateway, Probe  
  66  6:12  Zealot x2  
  70  6:20  Probe x2  
  70  6:22  Pylon, Zealot  
  70  6:23  Zealot x2  
  78  6:37  High Templar x2, Zealot x2  
  78  6:39  Pylon  
  86  6:41  Pylon  
  86  6:42  Archon  
  86  6:44  High Templar  
  88  6:47  High Templar, Zealot  
  88  6:48  Zealot  
  88  6:50  Probe  
  88  6:52  Archon  
  93  7:11  Zealot x4  
  93  7:12  Zealot x3  
  97  7:25  Zealot x3  
  91  7:33  Zealot x6  
  91  7:35  Probe  
  91  7:36  Probe  
  97  7:45  Zealot x3  

Tags
 
Add a new tag
Caveats
  • Supply blocks, unpowered buildings, or Contaminate may cause inaccurate times.
  • Supply counts are checked every 10 seconds.